AoeStats
← _Orca_

MegaRandom

508203672Analyzed
2v2 RM · 10d ago on Sep 21, 2026· 16m 31s· 4 players
Game mode
Random Map
Map size
Medium (4 player)
Population
200
Speed
Normal
Resources
Standard
Victory
Conquest
Starting age
Dark Age
Ending age
Imperial Age
RankedLock teamsTeams togetherTeam positionsShared explorationLock speedFull tech treeHidden civsTurbo modeCheats
Victory
Defeat
🇧🇩 Celts · Bangladesh
1369
+18
🇺🇸 Vietnamese · United States
1366
+18
🇦🇷 Italians · Argentina
1412
-18
🇦🇷 Gurjaras · Argentina
1400
-18
Hold_Fast
6:47 Loom
9:22 Feudal Age
9:55 Double-Bit Axe
9:51 Horse Collar
16:03 Bloodlines
_Orca_
5:22 Loom
11:30 Feudal Age
14:13 Wheelbarrow
14:22 Fletching
Alastan
9:07 Loom
11:31 Feudal Age
13:48 Double-Bit Axe
14:09 Horse Collar
16:32 Castle Age
YDRL
1:59 Loom
13:28 Feudal Age
14:33 Double-Bit Axe
Connection lost

Rejoining the realm…

Still unreachable

The connection could not be restored.

Session expired

The server has moved on; the page needs a fresh start.